 Dungeon Crawl Stone Soup version 0.23-a0-622-g59b4ea9 (webtiles) character file.

80 Lanoc the Cutter (level 4, -4/29 HPs)
             Began as a Halfling Skald on Dec 23, 2018.
             Slain by an ogre
             ... wielding a +0 giant club
              (15 damage)
             ... on level 2 of the Dungeon.
             The game lasted 00:04:35 (1223 turns).

Lanoc the Cutter (Halfling Skald)                   Turns: 1223, Time: 00:04:35

Health: -4/29      AC:  3    Str: 12    XL:     4   Next: 65%
Magic:  6/6        EV: 15    Int: 11    God:
Gold:   125        SH:  0    Dex: 14    Spells: 5/6 levels left

rFire    + . .     SeeInvis .   l - +0 hunting sling
rCold    + . .     Gourm    .   (shield restricted)
rNeg     . . .     Faith    .   b - +0 leather armour
rPois    +         Spirit   .   (no helmet)
rElec    +         Reflect  .   (no cloak)
rCorr    +         Harm     .   (no gloves)
MR       .....                  (no boots)
Stlth    +.........             (no amulet)
HPRegen  0.09/turn              m - +2 ring of slaying
MPRegen  0.10/turn              (no ring)

@: resistant
A: small, mutation resistance 1
a: no special abilities


You were on level 2 of the Dungeon.
You were not hungry.

You visited 1 branch of the dungeon, and saw 2 of its levels.

You collected 125 gold pieces.

Inventory:

Hand Weapons
 a - a +0 short sword
 l - a +0 hunting sling (weapon)
Missiles
 g - 81 stones
 h - 31 sling bullets (quivered)
Armour
 b - a +0 leather armour (worn)
Jewellery
 m - a +2 ring of slaying (left hand)
Scrolls
 c - a scroll of remove curse {unknown}
 e - 8 scrolls of identify {unknown}
 i - 2 scrolls of enchant armour {unknown}
 n - a scroll of teleportation {unknown}
 o - a scroll of random uselessness {unknown}
Comestibles
 d - 4 rations
 p - a chunk of flesh


   Skills:
 + Level 2.3 Fighting
 + Level 3.3 Short Blades
 * Level 2.6 Slings
 + Level 2.0 Armour
 + Level 2.8 Dodging
 - Level 1.5 Spellcasting
 - Level 3.2 Charms


You had 5 spell levels left.
You knew the following spells:

 Your Spells              Type           Power        Failure   Level  Hunger
a - Infusion              Chrm           #...         10%         1    ##.....

Your spell library contained the following spells:

 Spells                   Type           Power        Failure   Level  Hunger
 Song of Slaying          Chrm           #.......     16%         2    ###....
 Shroud of Golubria       Chrm/Tloc      #.........   30%         2    ###....
 Regeneration             Chrm/Necr      #.........   52%         3    ####...
 Spectral Weapon          Hex/Chrm       #.......     52%         3    ####...


Dungeon Overview and Level Annotations

Branches:
Dungeon (2/15)

Altars:
Fedhas
Nemelex Xobeh


Innate Abilities, Weirdness & Mutations

You are small and have problems with some larger weapons.
You are somewhat resistant to further mutation.


Message History

Press: ? - help, Shift-Dir - straight line, f - ogre
Aim: an ogre, wielding a +0 giant club (heavily wounded)
You shoot a sling bullet. The sling bullet hits the ogre.
The ogre is severely wounded.
The ogre hits you with a +0 giant club.
Firing (i - inventory. (/) - cycle)
h - 33 sling bullets (quivered)
Press: ? - help, Shift-Dir - straight line, f/p - ogre
Aim: an ogre, wielding a +0 giant club (severely wounded)
You shoot a sling bullet.
The sling bullet hits the ogre but does no damage.
The ogre is severely wounded.
The ogre barely misses you.
Firing (i - inventory. (/) - cycle)
h - 32 sling bullets (quivered)
Press: ? - help, Shift-Dir - straight line, f/p - ogre
Aim: an ogre, wielding a +0 giant club (severely wounded)
You shoot a sling bullet. The sling bullet hits the ogre!
The ogre is almost dead.
The ogre hits you with a +0 giant club!
Ouch! That really hurt!
You die...

.###.###.# ...# #.....
.#...# #.# #..# ......
.#.### #..####.... .
.#.#####⌠.⌠..#.### ..
....#...._...#..# ...
....#...⌠.⌠.....# .(#
....#.....#..#..# ...#
#####.....#..#..##....#
#.....#..#..@O((.(#
#.....#..##..##.###
#.....#>.###.# ###
#........# #.#
..#######.#..###.#
...............#.#
..#####........#.. ..#
#.#......#.. ..#
#.#.........


You could see an ogre.

Vanquished Creatures
  3 adders (D:2)
  An ooze (D:2)
  2 worms (D:2)
  2 dart slugs (D:2)
  2 leopard geckos (D:2)
  A giant cockroach (D:2)
  6 goblins
  6 hobgoblins
  3 kobolds
  6 bats
  4 rats
36 creatures vanquished.

Notes
Turn   | Place    | Note
-------+----------+-------------------------------------------
     0 | D:1      | Lanoc the Halfling Skald began the quest for the Orb.
     0 | D:1      | Reached XP level 1. HP: 14/14 MP: 3/3
   369 | D:1      | Reached XP level 2. HP: 19/19 MP: 4/4
   641 | D:1      | Reached skill level 1 in Slings
   822 | D:2      | Found a blossoming altar of Fedhas.
   825 | D:2      | Reached XP level 3. HP: 20/24 MP: 5/5
   917 | D:2      | Found a sparkling altar of Nemelex Xobeh.
   963 | D:2      | Reached XP level 4. HP: 24/29 MP: 6/6
  1213 | D:2      | Noticed an ogre
  1223 | D:2      | Slain by an ogre

Vault maps used:
D:1:      lightli_arrival_flooded_house
D:2:      minmay_angry_zag, nemelex_xobeh_ov_fountains_minmay, fedhas_altar_2,
          first_ration

Skill      XL: |  1  2  3  4 |
---------------+-------------+-----
Fighting       | 2 |  2.3
Slings         | 1 2 |  2.6
Short Blades   | 3 |  3.3
Armour         | 2 |  2.0
Dodging        | |  2.8
Spellcasting   | |  1.5
Charms         | |  3.2

Action                   |  1- 3 |  4- 6 || total
-------------------------+-------+-------++-------
Melee: Short sword       |    24 |       ||    24
 Fire: Hunting sling     |    50 |    45 ||    95
 Cast: Infusion          |     1 |       ||     1
  Use: Potion            |       |     3 ||     3
  Eat: Chunk             |       |     1 ||     1
Armor: Leather armour    |     9 |     1 ||    10
Dodge: Dodged            |    29 |    10 ||    39

Table legend:
 A = Non-vault XP
 B = Vault XP
 C = Vault XP percentage of total XP
 D = Non-vault monster count
 E = Vault monster count
 F = Vault count percentage of total count
                 A         B        C        D         E       F
            +---------+---------+-------+---------+---------+-------
      Total |     102 |      13 |  11.3 |      30 |       6 |  16.7
            +---------+---------+-------+---------+---------+-------
        D:1 |      27 |       0 |   0.0 |      16 |       0 |   0.0
        D:2 |      75 |      13 |  14.8 |      14 |       6 |  30.0
            +---------+---------+-------+---------+---------+-------
